 Dungeon Crawl Stone Soup version 0.20.1-1-g8b1a95d (webtiles) character file.

124 lorenzova the Conjurer (level 4, -7/24 HPs)
             Began as a Deep Elf Conjurer on Nov 7, 2017.
             Mangled by Crazy Yiuf
             ... wielding a +2 quarterstaff of chaos
              (10 damage)
             ... on level 3 of the Dungeon.
             The game lasted 00:05:14 (3219 turns).

lorenzova the Conjurer (Deep Elf Conjurer)          Turns: 3219, Time: 00:05:14

Health: -7/24      AC:  2    Str:  5    XL:     4   Next: 81%
Magic:  1/13       EV: 13    Int: 21    God:
Gold:   174        SH:  0    Dex: 15    Spells: 6/13 levels left

rFire    . . .     SeeInvis .   (no weapon)
rCold    . . .     Gourm    .   (no shield)
rNeg     . . .     Faith    .   a - +0 robe
rPois    .         Spirit   .   (no helmet)
rElec    .         Reflect  .   (no cloak)
rCorr    .         Harm     .   (no gloves)
MR       .....                  (no boots)
Stlth    ++........             (no amulet)
Regen    0.1/turn               (no ring)
MPRegen  0.2/turn               (no ring)

@: no status effects
A: no striking features
a: no special abilities


You were on level 3 of the Dungeon.
You were near starving.

You visited 1 branch of the dungeon, and saw 3 of its levels.

You collected 174 gold pieces.

Inventory:

Armour
 a - a +0 robe (worn)
Scrolls
 d - 3 scrolls of enchant armour {unknown}
 e - a scroll of remove curse {unknown}
 f - a scroll of fog {unknown}
 g - a scroll of random uselessness {unknown}
 h - 6 scrolls of identify {unknown}
 m - a scroll of recharging {unknown}
 s - a scroll of blinking {unknown}
Potions
 j - 2 potions of flight {unknown}
 l - 2 potions of curing {unknown}
 n - a potion of heal wounds
 o - a potion of agility {unknown}
 p - a potion of might {unknown}
 r - 2 potions of lignification {unknown}
Books
 b - a book of Conjurations

   Spells                             Type                      Level
   a - Magic Dart                     Conjuration                  1
   b - Searing Ray                    Conjuration                  2
   c - Dazzling Spray                 Conjuration/Hexes            3
   d - Fulminant Prism                Conjuration/Hexes            4
   e - Force Lance                    Conjuration/Translocation    4
   f - Iskenderun's Mystic Blast      Conjuration                  4
Comestibles
 c - 3 bread rations
 i - 2 meat rations
 k - a fruit
 q - a royal jelly


   Skills:
 - Level 2.4 Dodging
 - Level 2.4 Stealth
 + Level 5.3 Spellcasting
 + Level 5.6 Conjurations


You had 6 spell levels left.
You knew the following spells:

 Your Spells              Type           Power        Failure   Level  Hunger
a - Magic Dart            Conj           ####         1%          1    None
b - Searing Ray           Conj           ####..       1%          2    None
c - Iskenderun's Mystic   Conj           ####....     10%         4    ####...


Dungeon Overview and Level Annotations

Branches:
Dungeon (3/15)

Altars:
Ashenzari
Hepliaklqana
Nemelex Xobeh

Annotations:
D:3 Crazy Yiuf


Message History

Casting: Iskenderun's Mystic Blast
Confirm with . or Enter, or press ? or * to list all spells.
Aiming: Iskenderun's Mystic Blast
Press: ? - help, Shift-Dir - straight line, f/p - Crazy Yiuf
Aim: Crazy Yiuf, wielding a quarterstaff of chaos and wearing an embroidered cloak (heavily wounded)
The orb of energy hits Crazy Yiuf.
Crazy Yiuf is almost dead.
You are near starving!
Crazy Yiuf hits you with a quarterstaff of chaos!
* * * LOW HITPOINT WARNING * * *
Crazy Yiuf burns you.
* * * LOW HITPOINT WARNING * * *
You barely miss Crazy Yiuf.
Crazy Yiuf is almost dead.
Crazy Yiuf closely misses you.
You closely miss Crazy Yiuf.
Crazy Yiuf is almost dead.
Crazy Yiuf says, "Whiteboard koolooloo head!"
Crazy Yiuf hits you with a quarterstaff of chaos!
You die...

#####........#
#.##.##.### ###
#....##.#.# #)#
#######.#.###.#
#########.......#
#.......###.#######
###..........)......# #
#......g#.#<..#####.# #
#.#.###@#.#...#####.####
#.#..............##.##..
#.#.###.#.#....#........
#.#.......#.....###.##..
#.#.................####
#.......#####.####### #
###.##### #.# # #.# #.#
# #.# ##+## #


You could see Crazy Yiuf.

Vanquished Creatures
  An orc priest (D:3)
  A worker ant (D:3)
  An adder (D:2)
  An ooze (D:3)
  2 worms (D:2)
  2 dart slugs (D:3)
  3 leopard geckos
  3 orcs (D:3)
  2 giant cockroaches
  2 goblins (D:2)
  3 hobgoblins
  4 jackals (D:2)
  2 quokkas (D:3)
  8 bats
  4 frilled lizards
  4 kobolds (D:1)
  4 rats
47 creatures vanquished.

Notes
Turn   | Place    | Note
-------+----------+-------------------------------------------
     0 | D:1      | lorenzova the Deep Elf Conjurer began the quest for the Orb.
     0 | D:1      | Reached XP level 1. HP: 10/10 MP: 6/6
    59 | D:1      | Found a sparkling altar of Nemelex Xobeh.
   391 | D:1      | Reached XP level 2. HP: 15/15 MP: 0/8
  1038 | D:2      | Found a shattered altar of Ashenzari.
  1196 | D:2      | Reached XP level 3. HP: 18/19 MP: 3/10
  1208 | D:2      | Reached skill level 5 in Conjurations
  1464 | D:2      | Learned a level 2 spell: Searing Ray
  1607 | D:2      | Found a hazy altar of Hepliaklqana.
  1959 | D:3      | Reached XP level 4. HP: 11/24 MP: 6/12
  2124 | D:3      | Learned a level 4 spell: Iskenderun's Mystic Blast
  2279 | D:3      | Reached skill level 5 in Spellcasting
  3027 | D:3      | Found a runed door.
  3103 | D:3      | Noticed Crazy Yiuf
  3219 | D:3      | Mangled by Crazy Yiuf

Skill      XL: |  1  2  3  4 |
---------------+-------------+-----
Spellcasting   | 4 5 |  5.3
Conjurations   | 5 |  5.6
Dodging        | |  2.4
Stealth        | |  2.4

Action                   |  1- 3 |  4- 6 || total
-------------------------+-------+-------++-------
Melee: Unarmed           |    34 |     2 ||    36
 Cast: Magic Dart        |    87 |    29 ||   116
       Iskenderun's Myst |       |     6 ||     6
  Eat: Chunk             |     2 |     4 ||     6
Armor: Robe              |     6 |       ||     6
Dodge: Dodged            |    51 |     6 ||    57
